 Dungeon Crawl Stone Soup version 0.17.0-55-g1383181 (console) character file.

4134 Kloppie the Arsonist (level 10, -2/81 HPs)
             Began as a Black Draconian Fire Elementalist on Dec 4, 2015.
             Was a Priest of Vehumet.
             Slain by a wolf (11 damage)
             ... led by Grum
             ... on level 9 of the Dungeon.
             The game lasted 00:26:40 (12153 turns).

Kloppie the Arsonist (DrFE)                        Turns: 12153, Time: 00:26:40

Health: -2/81      AC:  7    Str: 13    XL:     10   Next: 6%
Magic:  14/14      EV: 14    Int: 22    God:    Vehumet [***...]
Gold:   567        SH:  0    Dex: 11    Spells: 4 memorised, 2 levels left

rFire  . . .     SeeInvis .     y - +1 morningstar
rCold  . . .     Clarity  .     (armour unavailable)
rNeg   . . .     SustAt   +     (no shield)
rPois  .         Gourm    .     (helmet restricted)
rElec  +         Spirit   .     (no cloak)
rCorr  .         Warding  .     (no gloves)
rMut   .         Stasis   .     (no boots)
MR     .....                    A - amulet of faith
Stlth  ++........               n - ring of sustain attributes
                                B - +3 ring of intelligence

@: starving, not resistant to hostile enchantments, unstealthy
A: breathe lightning, unfitting armour, electricity resistance, strong 1,
cold-blooded, AC +7
a: Breathe Lightning, Renounce Religion


You were on level 9 of the Dungeon.
You worshipped Vehumet.
Vehumet was most pleased with you.
You were starving.

You visited 2 branches of the dungeon, and saw 10 of its levels.

You collected 567 gold pieces.

Inventory:

Hand Weapons
 d - a +0 short sword
 g - a +0 halberd
 m - a +0 mace
 y - a +1 morningstar (weapon)
Missiles
 j - 8 curare-tipped needles
 p - 28 tomahawks (quivered)
Jewellery
 n - a ring of sustain attributes (right hand)
 w - an uncursed ring of fire
 A - an amulet of faith (around neck)
 B - a +3 ring of intelligence (left hand)
 O - an uncursed ring of wizardry {unknown}
Wands
 r - a wand of magic darts (16)
 z - a wand of disintegration (16)
 D - a wand of fireball (10)
 G - a wand of teleportation (9)
 M - a wand of magic darts (23)
Scrolls
 e - 4 scrolls of teleportation
 f - 2 scrolls of magic mapping
 o - 2 scrolls of enchant armour
 q - a scroll of identify
 s - 3 scrolls of amnesia
 x - 2 scrolls of recharging
Potions
 i - 2 potions of cancellation
 l - a potion of resistance
 u - a potion of haste
 v - 3 potions of lignification {unknown}
 C - a potion of berserk rage
 F - a potion of cure mutation
 H - 2 potions of flight {unknown}
 I - a potion of might {unknown}
 J - a potion of mutation {unknown}
 L - a potion of magic {unknown}
 N - a potion of heal wounds
Books
 a - a book of Flames

   Spells                             Type                      Level
   a - Flame Tongue                   Conjuration/Fire             1
   b - Throw Flame                    Conjuration/Fire             2
   c - Conjure Flame                  Conjuration/Fire             3
   d - Inner Flame                    Hexes/Fire                   3
   e - Sticky Flame                   Conjuration/Fire             4
   f - Fireball                       Conjuration/Fire             5
 E - a book of Fire

   Spells                             Type                      Level
   a - Ignite Poison                  Fire/Transmutation/Poison    3
   b - Fireball                       Conjuration/Fire             5
   c - Bolt of Fire                   Conjuration/Fire             6
   d - Delayed Fireball               Conjuration/Fire             7
   e - Ring of Flames                 Charms/Fire                  7
 K - the Disquisition on the Mutagenic Glacier
   (You found it on level 8 of the Dungeon)

   Spells                             Type                      Level
   a - Freeze                         Ice                          1
   b - Ozocubu's Armour               Charms/Ice                   3
   c - Condensation Shield            Ice                          4
   d - Alistair's Intoxication        Transmutation/Poison         4
   e - Statue Form                    Transmutation/Earth          6
Comestibles
 b - 6 bread rations
 c - 2 royal jellies
 h - 3 beef jerkies
 k - 5 meat rations
 t - 3 fruits


   Skills:
 - Level 5.1 Fighting
 + Level 4.2 Maces & Flails
 + Level 6.1 Dodging
 - Level 1.7 Stealth
 - Level 3.3 Spellcasting
 - Level 7.8 Conjurations
 - Level 8.2 Fire Magic


You had 2 spell levels left.
You knew the following spells:

 Your Spells              Type           Power        Failure   Level  Hunger
a - Flame Tongue          Conj/Fire      #####        1%          1    None
b - Conjure Flame         Conj/Fire      #####...     1%          3    ###....
c - Sticky Flame          Conj/Fire      #####...     1%          4    ####...
d - Fireball              Conj/Fire      #####.....   4%          5    ######.


Dungeon Overview and Level Annotations

Branches:
Dungeon (9/15)             Temple (1/1) D:4
   Lair: D:8-11         Orc: D:9-12

Altars:
Elyvilon
Gozag
Nemelex Xobeh
Okawaru
Qazlal
Ru
Sif Muna
Trog
Vehumet
Yredelemnul
Zin

Shops:
D:6 }

Annotations:
D:9 Grum


Innate Abilities, Weirdness & Mutations

You can breathe wild blasts of lightning.
Your glossy black scales are hard (AC +7).
Your body does not fit into most forms of armour.
You are resistant to electric shocks.
You are cold-blooded and may be slowed by cold attacks.
Your muscles are strong. (Str +2)


Message History

Grum hits you from afar with an enchanted spear!
* * * LOW HITPOINT WARNING * * *
The wolf bites you.
* * * LOW HITPOINT WARNING * * *
Read which item? (? for menu, Esc to quit)
As you read the scroll of teleportation, it crumbles to dust.
You feel strangely unstable. The wolf bites you but does no damage.
Grum barely misses you. The wolf barely misses you.
Grum snarls, "You will fight me?
This will be... rough!"
The wolf barely misses you. The wolf barely misses you.
Your surroundings seem slightly different.
The wolf closely misses you. The wolf bites you!
* * * LOW HITPOINT WARNING * * *
The wolf completely misses you. The wolf bites you but does no damage.
The wolf bites you.
* * * LOW HITPOINT WARNING * * *
The wolf bites you!
You die...

#..#.......# ##.(### ##.#
#..##.....## ###..## #ยง##
#..###...## #####..## ##h#
#..# ##### ###.......## #..#
#..# ##.......#..####.## #..#
##.>.......#..h##.# #).#
##..........##h....# #..#
##............#.>..### #..#
##....<@hh.....##.....## #..#
##.......h.......##......
#..###................##.#####
#..##.................#.##
#..#....................#
#..#....................#
#..#.................##.#
#..##...............###..#
#...#..............## #..#


You could see 3 wolves.

Vanquished Creatures
  Sigmund (D:5)
  The ghost of bezhaha the Gusty, an amateur TeAE (D:4)
  The ghost of bezhaha the Gusty, an amateur TeAE of Sif Muna (D:5)
  A wolf (D:9)
  Eustachio (D:5)
  A hippogriff (D:9)
  A steam dragon (D:8)
  5 orc warriors
  An ice beast (D:5)
  3 sky beasts
  2 centaurs (D:8)
  A wasp (D:9)
  5 ogres
  A crocodile (D:9)
  3 giant frogs
  A scorpion (D:8)
  A crimson imp (D:6)
  7 hounds
  A quasit (D:6)
  4 jellies
  4 orc priests
  A giant frog zombie (D:8)
  A giant frog skeleton (D:6)
  2 iguanas
  6 orc wizards
  9 worker ants
  A hound skeleton (D:7)
  4 gnolls
  11 adders
  A shadow imp (D:8)
  An adder skeleton (D:4)
  2 adder zombies
  7 worms
  7 giant geckos
  23 orcs
  5 giant cockroaches
  2 gnoll zombies (D:2)
  5 goblins
  6 hobgoblins
  6 jackals
  6 kobolds
  2 quokkas
  5 bats
  A giant gecko skeleton (D:5)
  4 giant newts
  A jackal zombie (D:7)
  12 rats
177 creatures vanquished.

Vanquished Creatures (others)
  A butterfly (D:4)
1 creature vanquished.

Grand Total: 178 creatures vanquished

Notes
Turn   | Place    | Note
--------------------------------------------------------------
     0 | D:1      | Kloppie the Draconian Fire Elementalist began the quest for the Orb.
     0 | D:1      | Reached XP level 1. HP: 14/14 MP: 3/3
   524 | D:1      | Reached XP level 2. HP: 20/20 MP: 5/5
  1226 | D:2      | Reached XP level 3. HP: 26/26 MP: 6/6
  1252 | D:2      | Learned a level 3 spell: Conjure Flame
  1443 | D:2      | Found a basalt altar of Yredelemnul.
  1954 | D:2      | Reached skill level 4 in Fire Magic
  1954 | D:2      | Reached XP level 4. HP: 33/33 MP: 3/7
  3381 | D:4      | Found a sparkling altar of Nemelex Xobeh.
  3395 | D:4      | Noticed bezhaha's ghost (amateur TeAE)
  3429 | D:4      | Reached XP level 5. HP: 35/38 MP: 8/8
  3978 | D:4      | Found a staircase to the Ecumenical Temple.
  3996 | Temple   | Entered the Ecumenical Temple
  4036 | Temple   | Became a worshipper of Vehumet
  4173 | D:4      | Reached skill level 5 in Fire Magic
  4538 | D:4      | Reached XP level 6. HP: 34/45 MP: 6/9
  4568 | D:4      | Learned a level 4 spell: Sticky Flame
  4609 | D:5      | Entered Level 5 of the Dungeon
  4800 | D:5      | Noticed bezhaha's ghost (amateur TeAE)
  4820 | D:5      | Killed bezhaha's ghost
  4820 | D:5      | Reached skill level 5 in Conjurations
  5022 | D:5      | Noticed Eustachio
  5050 | D:5      | Killed Eustachio
  5050 | D:5      | Reached skill level 6 in Fire Magic
  5050 | D:5      | Your scales start taking on a glossy black colour.
  5050 | D:5      | Gained mutation: You are resistant to electric shocks. [Black Draconian growth]
  5050 | D:5      | Reached XP level 7. HP: 45/50 MP: 0/10
  5175 | D:5      | Noticed Sigmund
  5222 | D:5      | Killed Sigmund
  5648 | D:5      | Reached skill level 7 in Fire Magic
  5648 | D:5      | Reached XP level 8. HP: 18/57 MP: 0/11
  6246 | D:4      | Found a stormy altar of Qazlal.
  6296 | D:4      | Paralysed by bezhaha's ghost for 3 turns
  6304 | D:4      | Killed bezhaha's ghost
  6892 | D:6      | Found a glowing silver altar of Zin.
  6893 | D:6      | Found an opulent altar of Gozag.
  7053 | D:6      | Reached skill level 1 in Fighting
  7306 | D:6      | Reached * piety under Vehumet
  7306 | D:6      | Offered knowledge of Sting by Vehumet.
  8328 | D:6      | Found Gutyilil's Quality Used Wands.
  8425 | D:6      | Found a white marble altar of Elyvilon.
  8425 | D:6      | Found a deep blue altar of Sif Muna.
  8623 | D:6      | Gained mutation: Your muscles are strong. (Str +2) [potion of beneficial mutation]
  8720 | D:7      | Reached skill level 8 in Fire Magic
  9467 | D:7      | HP: 3/63 [poisoned by an orc warrior]
  9472 | D:7      | Reached XP level 9. HP: 12/70 MP: 12/12
  9479 | D:7      | Offered knowledge of Freeze by Vehumet.
  9504 | D:7      | HP: 3/70 [poisoned by an orc warrior]
  9512 | D:7      | HP: 3/70 [poisoned by an orc warrior]
  9898 | D:8      | Reached ** piety under Vehumet
 10257 | D:7      | Learned a level 5 spell: Fireball
 10438 | D:8      | Reached skill level 5 in Fighting
 10908 | D:8      | Offered knowledge of Searing Ray by Vehumet.
 10908 | D:8      | Reached skill level 1 in Maces & Flails
 10948 | D:8      | Identified the Disquisition on the Mutagenic Glacier
 11023 | D:8      | Found an iron altar of Okawaru.
 11024 | D:8      | Reached skill level 5 in Dodging
 11275 | D:8      | Reached *** piety under Vehumet
 11704 | D:9      | Reached XP level 10. HP: 47/81 MP: 12/14
 12120 | D:9      | Noticed Grum
 12132 | D:9      | Offered knowledge of Stone Arrow by Vehumet.
 12153 | D:9      | Slain by a wolf

Action                   |  1- 3 |  4- 6 |  7- 9 | 10-12 || total
-------------------------+-------+-------+-------+-------++-------
Melee: Short sword       |    80 |       |       |       ||    80
       Dagger            |    17 |       |       |       ||    17
       Mace              |    22 |    16 |       |       ||    38
       Halberd           |       |    74 |       |       ||    74
       Morningstar       |       |    36 |   167 |    17 ||   220
Throw: Tomahawk          |     1 |       |       |       ||     1
 Cast: Flame Tongue      |    33 |    57 |   190 |     3 ||   283
       Sticky Flame      |       |       |    15 |     1 ||    16
       Fireball          |       |       |     1 |     2 ||     3
       Conjure Flame     |       |       |     1 |       ||     1
 Abil: Breathe Lightning |       |       |     2 |       ||     2
  Use: Scroll            |     5 |       |    16 |     1 ||    22
       Potion            |       |       |     4 |       ||     4
 Stab: Sleeping          |     2 |     4 |     1 |       ||     7
  Eat: Chunk             |     4 |    11 |    19 |       ||    34
       Fruit             |       |       |     6 |       ||     6
       Beef jerky        |       |       |     1 |       ||     1
